 Dungeon Crawl Stone Soup version 0.16-a0-328-gfd822c7 (webtiles) character file.

5139 Ratboiler the Martial Artist (level 10, 0/63 HPs)
             Began as an Octopode Transmuter on Sept 6, 2014.
             Was an Initiate of Gozag.
             Slain by a yak (13 damage)
             ... on Level 9 of the Dungeon.
             The game lasted 00:50:45 (13500 turns).

Ratboiler the Martial Artist (Octopode Transmuter) Turns: 13500, Time: 00:50:46

HP   0/63        AC  6     Str  9      XL: 10   Next: 58%
MP  12/16        EV 12     Int 17      God: Gozag
Gold 110         SH  0     Dex 15      Spells:  4 memorised,  2 levels left

rFire  . . .     SeeInvis .     b - melded +1 blowgun
rCold  . . .     Clarity  .     (shield currently unavailable)
rNeg   + . .     rCorr    .     (helmet restricted)
rPois  .         rRot     .     k - cursed amulet of faith
rElec  .         Spirit   .     z - cursed ring of positive energy
SustAb .         Warding  .     D - ring of wizardry
rMut   .         Stasis   .     f - +5 ring of protection
Gourm  .                        (no ring)
MR     .....                    (no ring)
                                (no ring)
                                (no ring)
                                (no ring)

@: blade tentacles, not resistant to hostile enchantments, unstealthy
A: almost no armour, amphibious, 8 rings, constrict 8, camouflage 1, robust 1,
gelatinous body 1
a: End Transformation, Potion Petition, Call Merchant, Bribe Branch, Renounce
Religion


You were on level 9 of the Dungeon.
You worshipped Gozag.
Gozag was noncommittal.
You were hungry.
Your tentacles were blades.
You visited 2 branches of the dungeon, and saw 10 of its levels.
You also visited: Ossuary.

You collected 1117 gold pieces.
You spent 170 gold pieces at shops.
You paid 837 gold pieces to Gozag.

Inventory:

Hand weapons
 b - a +1 blowgun (melded)
Missiles
 i - 19 stones (quivered)
 u - 148 arrows
 v - 68 poisoned needles
Magical devices
 c - a wand of confusion (10)
 q - a wand of digging (13)
 s - a wand of fireball (2)
 E - a wand of random effects (20)
 O - a wand of disintegration (16)
Comestibles
 a - 3 bread rations
 G - a beef jerky
 M - 10 royal jellies
Scrolls
 e - 4 scrolls of teleportation
 g - 3 scrolls of recharging
 h - 2 scrolls of holy word
 l - 3 scrolls of remove curse
 n - 3 scrolls of immolation
 o - 2 scrolls of enchant armour
 p - 2 scrolls of enchant weapon
 w - a scroll of random uselessness {unknown}
 y - a scroll of amnesia {unknown}
 C - a scroll of blinking {unknown}
 F - a scroll of brand weapon {unknown}
 J - a scroll of silence {unknown}
 K - a scroll of magic mapping
 Q - a scroll of fear {unknown}
Jewellery
 f - a +5 ring of protection (on tentacle)
 k - a cursed amulet of faith (around mantle)
 z - a cursed ring of positive energy (left scythe-like blade)
 D - a ring of wizardry (right scythe-like blade)
 N - a cursed amulet of clarity
Potions
 j - 2 potions of magic
 m - 3 potions of curing
 r - 2 potions of might
 t - a potion of brilliance
 x - 4 potions of restore abilities
 A - 3 potions of resistance
 B - a potion of invisibility
 I - a potion of berserk rage {unknown}
 L - 2 potions of heal wounds
Books
 d - a book of Changes

   Spells                             Type                      Level
   *Beastly Appendage                 Transmutation                1
   *Sticks to Snakes                  Transmutation                2
   *Spider Form                       Transmutation/Poison         3
   Ice Form                           Ice/Transmutation            4
   *Blade Hands                       Transmutation                5
 H - a book of Battle

   Spells                             Type                      Level
   Infusion                           Charms                       1
   Shroud of Golubria                 Charms/Translocation         2
   Song of Slaying                    Charms                       2
   Spectral Weapon                    Hexes/Charms                 3
   Regeneration                       Charms/Necromancy            3
 P - a book of the Sky

   Spells                             Type                      Level
   Flight                             Charms/Air                   3
   Airstrike                          Air                          4
   Silence                            Hexes/Air                    5
   Deflect Missiles                   Charms/Air                   6
   Conjure Ball Lightning             Conjuration/Air              6
   Tornado                            Air                          9


   Skills:
 - Level 1.0 Fighting
 - Level 2.0 Dodging
 + Level 12.8 Unarmed Combat
 - Level 2.0 Spellcasting
 - Level 8.6 Transmutations


You had 2 spell levels left.
You knew the following spells:

 Your Spells              Type           Power        Failure   Level  Hunger
a - Beastly Appendage     Trmt           ####..       6%          1    #......
b - Sticks to Snakes      Trmt           ####......   6%          2    ###....
c - Spider Form           Trmt/Pois      ###.......   22%         3    ####...
d - Blade Hands           Trmt           ####......   28%         5    ######.


Dungeon Overview and Level Annotations

Branches:
Dungeon (9/15)             Temple (1/1) D:7
    Orc: D:9-12        Lair: D:8-11

Altars:
Cheibriados
Dithmenos
Elyvilon
Fedhas
Gozag
Makhleb
Okawaru
Qazlal
Sif Muna
Trog
Vehumet
Xom
Yredelemnul
The Shining One

Shops:
D:8 *   D:11 *

Annotations:
D:8 Conn321's ghost, experienced HaHu


Innate Abilities, Weirdness & Mutations

You cannot wear most types of armour.
You are amphibious.
You can wear up to eight rings at the same time.
You can use your tentacles to constrict many enemies at once.
Your skin changes colour to match your surroundings (Stealth).
Your rubbery body absorbs attacks (AC +1).
You are robust (+10% HP).


Message History

The yak barely misses you.
You slice the yak!!
The yak is almost dead.
The yak misses you.
You slash the yak!
You kill the yak!
You completely miss the yak. The yak gores you!
* * * LOW HITPOINT WARNING * * *
You slice the yak!!
The yak is heavily wounded.
You hit the yak.
The yak is severely wounded.
The yak gores you!
* * * LOW HITPOINT WARNING * * *
You hit the yak but do no damage. You slash the yak!
Your squeeze misses the yak.
The yak is almost dead.
The yak gores you!
You die...
Your body crumbles into a pile of gold.

#..#.# #...#.#
#.##.# ##.##.#
#.##.########.#...
#(##..............
#.#########.......
#.# #.......# #.#
#####......## #Y#
#.....#......
#@####.###.#..###.
#.##..........# #.
#.............###.
###......[##......
#.###..###..###.
#..##...###.....
#..##._.........
#.......#...##.#
#.....####..##.#


You could see a yak.

Vanquished Creatures
  8 yaks (D:9)
  A phantom (D:5)
  4 orc warriors
  A necrophage (D:9)
  A sky beast (D:6)
  3 centaurs
  2 crocodiles
  4 big kobolds
  3 giant frogs
  16 killer bees
  4 scorpions
  2 water moccasin skeletons
  3 wights (D:9)
  3 jellies (D:9)
  A crimson imp (D:5)
  A hound (D:9)
  3 worker ants
  10 orc wizards
  3 iguanas
  2 killer bee zombies
  A big kobold zombie (Ossuary)
  An ogre zombie (D:7)
  A sky beast zombie (D:9)
  Terence (D:2)
  A hound skeleton (D:4)
  3 mummies (Ossuary)
  6 adders
  11 gnolls
  7 worms
  3 shadow imps
  3 adder zombies (Ossuary)
  An orc skeleton (D:6)
  An iguana skeleton (D:6)
  6 giant geckos
  5 oozes (D:9)
  24 orcs
  A ball python (D:3)
  A bat skeleton (D:4)
  7 giant cockroaches
  40 goblins
  40 hobgoblins
  21 kobolds
  2 quokkas
  7 bats
  2 giant newts
  3 goblin zombies (Ossuary)
  2 hobgoblin zombies (Ossuary)
  12 jackals
  4 kobold zombies (Ossuary)
  2 orc zombies (D:6)
  2 quokka skeletons
  2 quokka zombies (Ossuary)
  14 rats
  A rat skeleton (D:3)
  3 rat zombies (Ossuary)
316 creatures vanquished.

Vanquished Creatures (collateral kills)
  A two-headed ogre (D:9)
  Duvessa (D:9)
  Blork the orc (D:9)
  Dowan (D:9)
  A mummy (D:7)
  A bat (D:8)
6 creatures vanquished.

Vanquished Creatures (others)
  An orc wizard (D:7)
1 creature vanquished.

Grand Total: 323 creatures vanquished

Notes
Turn   | Place    | Note
--------------------------------------------------------------
     0 | D:1      | Ratboiler, the Octopode Transmuter, began the quest for the Orb.
     0 | D:1      | Reached XP level 1. HP: 13/13 MP: 3/3
   260 | D:1      | Reached XP level 2. HP: 12/18 MP: 2/4
   264 | D:1      | Learned a level 2 spell: Sticks to Snakes
  1009 | D:1      | Reached skill level 4 in Unarmed Combat
  1193 | D:1      | Reached XP level 3. HP: 16/23 MP: 6/6
  1198 | D:1      | Learned a level 3 spell: Spider Form
  1591 | D:2      | Found a burning altar of Makhleb.
  1592 | D:2      | Found a radiant altar of Vehumet.
  1736 | D:2      | Noticed Terence
  1753 | D:2      | Killed Terence
  1807 | D:2      | Reached XP level 4. HP: 20/28 MP: 5/7
  1972 | D:2      | Reached skill level 5 in Unarmed Combat
  2464 | D:3      | Reached XP level 5. HP: 30/33 MP: 9/9
  3246 | D:3      | Noticed a big kobold
  3248 | D:3      | Noticed a big kobold
  3307 | D:3      | Killed a big kobold
  3307 | D:3      | Reached skill level 6 in Unarmed Combat
  3307 | D:3      | Reached XP level 6. HP: 28/38 MP: 10/10
  3467 | D:3      | Noticed a big kobold
  3482 | D:3      | Killed a big kobold
  3482 | D:3      | Reached skill level 7 in Unarmed Combat
  3491 | D:3      | Killed a big kobold
  3891 | D:3      | Reached XP level 7. HP: 33/43 MP: 3/12
  4789 | D:4      | Reached skill level 8 in Unarmed Combat
  5204 | D:4      | Found an iron altar of Okawaru.
  5446 | D:5      | Entered Level 5 of the Dungeon
  5961 | D:5      | Reached skill level 9 in Unarmed Combat
  6156 | D:5      | Reached XP level 8. HP: 48/48 MP: 6/13
  6163 | D:5      | Learned a level 5 spell: Blade Hands
  6674 | D:6      | Found a shimmering altar of Xom.
  7701 | D:7      | Found a bloodstained altar of Trog.
  7702 | D:7      | Found a basalt altar of Yredelemnul.
  7760 | D:7      | HP: 1/48 [mummy (20)]
  7955 | D:7      | Reached skill level 5 in Transmutations
  8367 | D:7      | Found a deep blue altar of Sif Muna.
  8762 | D:7      | Found a staircase to the Ecumenical Temple.
  8769 | Temple   | Entered the Ecumenical Temple
  8779 | Temple   | Became a worshipper of Gozag Ym Sagoz the Greedy
  9302 | D:7      | Reached XP level 9. HP: 40/53 MP: 8/14
  9964 | D:8      | Found a sand-covered staircase.
  9969 | Ossuary  | Entered an ossuary
 10767 | D:8      | Reached skill level 10 in Unarmed Combat
 10841 | D:8      | Found Okufouv's Assorted Antiques.
 10844 | D:8      | Bought an iron ring for 170 gold pieces
 10953 | D:8      | Noticed Conn321's ghost (experienced HaHu)
 11615 | D:9      | Reached skill level 11 in Unarmed Combat
 11836 | D:9      | Reached XP level 10. HP: 48/58 MP: 13/16
 12527 | D:9      | Noticed Blork the orc
 12533 | D:9      | Noticed Dowan
 12535 | D:9      | Noticed Duvessa
 12576 | D:9      | Killed Duvessa
 12579 | D:9      | Killed Dowan
 12730 | D:9      | Killed Blork the orc
 12789 | D:9      | Found a bloodstained altar of Trog.
 12856 | D:9      | Reached skill level 12 in Unarmed Combat
 13237 | D:9      | Gained mutation: You are robust (+10% HP). [potion of beneficial mutation]
 13500 | D:9      | Slain by a yak

Action                   |  1- 3 |  4- 6 |  7- 9 | 10-12 || total
-------------------------+-------+-------+-------+-------++-------
Melee: Unarmed           |    78 |   145 |   446 |    91 ||   760
 Fire: Blowgun           |       |    30 |    50 |    25 ||   105
Throw: Stone             |    10 |     8 |     2 |       ||    20
 Cast: Beastly Appendage |     8 |     6 |    18 |     1 ||    33
       Spider Form       |     3 |    15 |    47 |     5 ||    70
       Sticks to Snakes  |       |       |    17 |     8 ||    25
       Blade Hands       |       |       |     7 |     5 ||    12
Invok: Call Merchant     |       |       |       |     1 ||     1
Evoke: Wand              |       |       |     5 |       ||     5
  Use: Scroll            |       |     3 |    14 |     1 ||    18
       Potion            |       |       |     4 |     1 ||     5
 Stab: Sleeping          |       |     2 |     7 |     1 ||    10
       Distracted        |       |       |       |     3 ||     3
  Eat: Chunk             |     3 |     9 |    16 |       ||    28
       Pizza             |       |     1 |       |       ||     1
       Fruit             |       |       |     2 |     4 ||     6
       Bread ration      |       |       |     2 |     1 ||     3
       Meat ration       |       |       |     2 |       ||     2
